 Dungeon Crawl Stone Soup version 0.17-a0-957-ga3519be (webtiles) character file.

113040 ololoev the Bludgeoner (level 16, -8/176 HPs)
             Began as an Ogre Hunter on May 7, 2015.
             Was the Champion of Okawaru.
             Mangled by an entropy weaver (14 damage)
             ... on level 1 of the Spider Nest.
             The game lasted 02:11:59 (36223 turns).

ololoev the Bludgeoner (Ogre Hunter)               Turns: 36223, Time: 02:11:59

Health: -8/176     AC:  3    Str: 29    XL:     16   Next: 62%
Magic:  29/38      EV: 14    Int: 10    God:    Okawaru [******]
Gold:   1738       SH:  0    Dex: 17    Spells: 0 memorised, 15 levels left

rFire  + . .     SeeInvis +     a - +6 giant club "Ogre's Death Toll" {flame, +Inv rPois rC+}
rCold  + + .     Clarity  +     p - +4 ice dragon armour
rNeg   . . .     SustAb   .     (no shield)
rPois  +         Gourm    .     I - +2 hat {SInv}
rElec  .         Spirit   .     L - +2 cloak "Mubbaer" {rF++ rC- MP+9 Str+4}
rCorr  .         Warding  .     (gloves unavailable)
rMut   .         Stasis   .     (boots unavailable)
MR     ++...                    R - amulet of clarity
Stlth  ..........               K - +2 ring of strength
                                Y - ring of Pantheism {MP+9 Dex+4}

@: corroded equipment, studying Invocations, very resistant to hostile
enchantments, extremely unstealthy
A: unfitting armour, magic resistance 1, poison resistance, tough skin 1
a: Heroism, Finesse, Renounce Religion, Evoke Invisibility


Innate Abilities, Weirdness & Mutations

You are too large for most types of armour.
You have tough skin (AC +1).
You are resistant to hostile enchantments.
Your system is resistant to poisons.

Inventory:

Hand weapons
 a - the +6 giant club "Ogre's Death Toll" (weapon) {flame, +Inv rPois rC+}
   (Okawaru gifted it to you on level 3 of the Lair of Beasts)

   It has been specially enchanted to burn those struck by it, causing extra
   injury to most foes and up to half again as much damage against particularly
   susceptible opponents.
   It protects you from cold.
   It protects you from poison.
   It lets you turn invisible.
 b - the +0 Staff of Olgreb {rPois}
   (You found it on level 7 of the Lair of Beasts)

   It protects you from poison.
 D - a +0 giant spiked club
 X - the +4 giant club "Muckyt" {freeze, +Rage MR+}
   (Okawaru gifted it to you on level 6 of the Lair of Beasts)

   It has been specially enchanted to freeze those struck by it, causing extra
   injury to most foes and up to half again as much damage against particularly
   susceptible opponents.
   It can also slow down cold-blooded creatures.
   It affects your resistance to hostile enchantments.
   It lets you go berserk.
Missiles
 g - 3 javelins of returning (quivered)
 x - 24 large rocks
 M - 11 javelins of penetration
Armour
 p - a +4 ice dragon armour (worn)
 I - a +2 hat of see invisible (worn)
 L - the +2 cloak "Mubbaer" (worn) {rF++ rC- MP+9 Str+4}
   (You found it in a treasure trove)

   It affects your strength (+4).
   It greatly protects you from fire.
   It makes you vulnerable to cold.
   It affects your magic capacity (+9).
Rods
 v - a +9 rod of clouds (9/9)
   (You found it in a labyrinth)
Jewellery
 h - an uncursed amulet of resist mutation
 F - an uncursed amulet of the gourmand
 J - the amulet of Cekugob {Ward -Tele rElec rPois rN++ AC+1 EV+1}
   (You found it in a labyrinth)

   [amulet of warding]

   It may prevent the melee attacks of summoned creatures.
   It affects your AC (+1).
   It affects your evasion (+1).
   It insulates you from electricity.
   It protects you from poison.
   It greatly protects you from negative energy.
   It prevents most forms of teleportation.
 K - a +2 ring of strength (right hand)
 O - an uncursed amulet of stasis
 R - an amulet of clarity (around neck)
 W - an uncursed ring of teleportation
 Y - the ring of Pantheism (left hand) {MP+9 Dex+4}
   (You acquired it on level 7 of the Lair of Beasts)

   [ring of magical power]

   It affects your dexterity (+4).
   It affects your magic capacity (+9).
Magical devices
 k - a wand of disintegration (21)
 o - a wand of heal wounds (8)
 r - a wand of fireball (7)
 y - a wand of hasting (5)
Scrolls
 i - 9 scrolls of teleportation
 j - 11 scrolls of remove curse
 l - 7 scrolls of enchant weapon
 n - a scroll of magic mapping
 z - 4 scrolls of blinking
 A - 3 scrolls of recharging
 C - 3 scrolls of fog
 G - 6 scrolls of fear
 S - 2 scrolls of immolation
Potions
 c - 3 potions of curing
 d - 3 potions of agility
 f - 4 potions of flight
 m - a potion of resistance
 B - 2 potions of cancellation
 E - a potion of might
 H - 4 potions of haste
 P - 3 potions of magic {unknown}
 Q - 2 potions of heal wounds
Books
 t - a manual of Invocations
Miscellaneous
 V - a stone of tremors
Comestibles
 e - 13 bread rations
 q - 19 fruits
 s - 14 meat rations
 u - 12 beef jerkies
 w - 2 slices of pizza
 N - 2 chunks of flesh


   Skills:
 - Level 15.5 Fighting
 * Level 19.0 Maces & Flails
 + Level 14.8 Throwing
 + Level 10.4 Armour
 + Level 9.4 Dodging
 - Level 0.7 Stealth
 + Level 1.4 Invocations
 + Level 5.8 Evocations


You had 15 spell levels left.
You didn't know any spells.


You were on level 1 of the Spider Nest.
You worshipped Okawaru.
Okawaru was exalted by your worship.
You were completely stuffed.

You visited 5 branches of the dungeon, and saw 29 of its levels.
You also visited: Labyrinth and Trove.

You collected 3510 gold pieces.
You spent 1772 gold pieces at shops.

#### #.#
.#.#...
..#..##
..#...
##...#
#...##
###<†.#.#.#
#..ps......
##.@#......
#....#.#####
##...# #
#..### ##.
.. ##.

Notes
Turn   | Place    | Note
--------------------------------------------------------------
     0 | D:1      | ololoev, the Ogre Hunter, began the quest for the Orb.
     0 | D:1      | Reached XP level 1. HP: 22/22 MP: 1/1
   321 | D:1      | Reached XP level 2. HP: 27/29 MP: 2/2
   374 | D:1      | Reached skill level 1 in Maces & Flails
   974 | D:1      | Found a glowing golden altar of the Shining One.
  1370 | D:2      | Reached XP level 3. HP: 36/36 MP: 3/3
  1372 | D:2      | Noticed Terence
  1390 | D:2      | Killed Terence
  1556 | D:2      | Reached XP level 4. HP: 28/44 MP: 4/4
  1761 | D:2      | Noticed Natasha
  1776 | D:2      | Killed Natasha
  2003 | D:2      | Noticed Natasha
  2009 | D:2      | Killed Natasha
  2009 | D:2      | Reached skill level 5 in Maces & Flails
  2129 | D:2      | Reached XP level 5. HP: 46/50 MP: 5/5
  2130 | D:2      | Noticed Jessica
  2150 | D:2      | Killed Jessica
  2225 | D:2      | Noticed Natasha
  2229 | D:2      | Killed Natasha
  2442 | D:2      | Reached skill level 6 in Maces & Flails
  3027 | D:3      | Found a bloodstained altar of Trog.
  3034 | D:3      | Reached XP level 6. HP: 50/59 MP: 6/6
  3080 | D:3      | Reached skill level 7 in Maces & Flails
  3200 | D:3      | Found a burning altar of Makhleb.
  4057 | D:4      | Reached skill level 8 in Maces & Flails
  4057 | D:4      | Reached skill level 5 in Throwing
  4121 | D:4      | Found a shattered altar of Ashenzari.
  4398 | D:4      | Found a glowing golden altar of the Shining One.
  4421 | D:4      | Reached XP level 7. HP: 40/67 MP: 7/7
  4658 | D:4      | Noticed Edmund
  4666 | D:4      | Killed Edmund
  4684 | D:4      | Noticed JetFlynn's ghost (average TeGl)
  4743 | D:4      | Killed JetFlynn's ghost
  4743 | D:4      | Reached skill level 9 in Maces & Flails
  5098 | D:5      | Entered Level 5 of the Dungeon
  5382 | D:5      | Reached XP level 8. HP: 45/79 MP: 8/8
  5749 | D:5      | Killed Hanyuu's ghost
  5767 | D:5      | Reached skill level 5 in Fighting
  5874 | D:5      | Found a staircase to the Ecumenical Temple.
  5883 | Temple   | Entered the Ecumenical Temple
  5890 | Temple   | Became a worshipper of Warmaster Okawaru
  6109 | D:5      | Reached skill level 10 in Maces & Flails
  6330 | D:5      | Found a deep blue altar of Sif Muna.
  7079 | D:6      | Acquired Okawaru's first power
  7412 | D:5      | Reached skill level 11 in Maces & Flails
  7418 | D:5      | Reached XP level 9. HP: 20/92 MP: 6/9
  8182 | D:5      | Reached skill level 12 in Maces & Flails
  8306 | D:6      | Gained mutation: You are resistant to hostile enchantments. [mutagenic meat]
  8600 | D:6      | Noticed a troll
  8827 | D:6      | Killed a troll
  9581 | D:7      | Found a sacrificial altar of Ru.
  9590 | D:7      | Reached skill level 1 in Armour
  9604 | D:7      | Found an opulent altar of Gozag.
  9613 | D:7      | Reached skill level 13 in Maces & Flails
  9677 | D:7      | Reached XP level 10. HP: 84/104 MP: 10/10
 10431 | D:7      | Noticed Pikel
 10459 | D:7      | Killed Pikel
 11014 | D:8      | Found Rmodeihi's Retail Resort.
 11022 | D:8      | Found a blossoming altar of Fedhas.
 11023 | D:8      | Bought a potion of resistance for 150 gold pieces
 11058 | D:8      | Reached skill level 1 in Evocations
 11315 | D:8      | Found a shadowy altar of Dithmenos.
 11460 | D:8      | Found a sparkling altar of Nemelex Xobeh.
 11742 | D:9      | Reached skill level 14 in Maces & Flails
 12082 | D:9      | Found Zuekhan's Weapon Emporium.
 12132 | D:9      | Noticed Charly's ghost (experienced TrEE)
 12303 | D:9      | Killed Charly's ghost
 12425 | D:9      | Reached XP level 11. HP: 112/117 MP: 11/11
 12813 | D:9      | Identified the Tome of Boosts
 13041 | D:10     | Entered Level 10 of the Dungeon
 13041 | D:10     | Noticed Josephine
 13142 | D:10     | Found Zosur's Armour Boutique.
 13273 | D:10     | Reached skill level 10 in Fighting
 13480 | D:10     | Killed Josephine
 13480 | D:10     | Acquired Okawaru's second power
 13480 | D:10     | Reached skill level 15 in Maces & Flails
 13771 | D:10     | Found a staircase to the Orcish Mines.
 14147 | D:10     | Found a roughly hewn altar of Beogh.
 14590 | Orc:1    | Entered Level 1 of the Orcish Mines
 14590 | Orc:1    | Noticed Erolcha
 14590 | Orc:1    | Noticed Gastronok
 14925 | Orc:1    | Killed Erolcha
 14943 | Orc:1    | Killed Gastronok
 14943 | Orc:1    | Reached skill level 10 in Throwing
 15040 | D:9      | Bought a +3 dire flail of protection for 261 gold pieces
 15664 | Orc:1    | Reached skill level 5 in Armour
 15858 | Orc:1    | Received a gift from Okawaru
 16518 | Orc:2    | You fall through a shaft!
 16580 | Orc:3    | Reached XP level 12. HP: 109/130 MP: 12/12
 16766 | Orc:3    | Noticed Sonja
 16791 | Orc:3    | Killed Sonja
 16791 | Orc:3    | Received a gift from Okawaru
 16791 | Orc:3    | Reached skill level 16 in Maces & Flails
 17908 | Orc:4    | Entered Level 4 of the Orcish Mines
 18289 | Orc:4    | Found a staircase to the Elven Halls.
 18306 | Orc:4    | Found a roughly hewn altar of Beogh.
 18938 | Orc:4    | Noticed an orc high priest
 18974 | Orc:4    | Killed an orc high priest
 19112 | Orc:4    | Noticed an orc high priest
 19113 | Orc:4    | Noticed an orc high priest
 19155 | Orc:4    | Killed an orc high priest
 19157 | Orc:4    | HP: 6/132 [soul eater[an orc high priest] (4)]
 19158 | Orc:4    | HP: 2/132 [soul eater[an orc high priest] (1)]
 19606 | Orc:4    | Killed an orc high priest
 19606 | Orc:4    | Reached skill level 17 in Maces & Flails
 20007 | Orc:4    | Found Wiclytej's Assorted Antiques.
 20007 | Orc:4    | Found Jehuzob's General Store.
 20008 | Orc:4    | Found Kish's Jewellery Emporium.
 20008 | Orc:4    | Found Cuzxoxem's Jewellery Emporium.
 20033 | Orc:4    | Bought a scroll of identify for 26 gold pieces
 20216 | D:10     | Bought the +5 mottled dragon armour "Neniebb" {-Cast Str+4 Dex+5} for 1174 gold pieces
 20292 | D:11     | Noticed an eight-headed hydra
 20297 | D:11     | Killed an eight-headed hydra
 20297 | D:11     | Received a gift from Okawaru
 20431 | D:11     | Found a portal to a secret trove of treasure.
 20629 | D:11     | You paid a toll of a wand of heal wounds (9) to enter a treasure trove
 20630 | Trove    | Entered a treasure trove
 20681 | Trove    | Got an ichor-stained robe
 20692 | Trove    | Identified the cursed +0 robe of Shielding {+Blink rElec Int+4 Slay+3} (You found it in a treasure trove)
 20699 | Trove    | Got a spiked cloak
 20746 | Trove    | Identified the +2 cloak "Mubbaer" {rF++ rC- MP+9 Str+4} (You found it in a treasure trove)
 20889 | D:11     | Received a gift from Okawaru
 20903 | D:11     | Reached XP level 13. HP: 128/141 MP: 11/14
 21051 | D:11     | Noticed Fannar
 21276 | D:11     | Noticed inmateoo's ghost (powerful DEFE)
 21310 | D:11     | Killed inmateoo's ghost
 21569 | D:11     | Identified a scroll of acquirement
 21583 | D:11     | Found a staircase to the Lair.
 21602 | D:11     | Killed Fannar
 21838 | D:11     | Noticed Urug
 21840 | D:11     | Killed Urug
 21981 | D:12     | Found a stormy altar of Qazlal.
 22029 | D:12     | Found Carouz's Magic Scroll Shop.
 22032 | D:12     | Bought a scroll of identify for 34 gold pieces
 22179 | D:12     | Noticed Psyche
 22182 | D:12     | Killed Psyche
 22185 | D:12     | Bought a scroll of enchant armour for 127 gold pieces
 22378 | D:12     | Received a gift from Okawaru
 22546 | D:12     | Got a pitted flail
 22547 | D:12     | Identified the +6 flail "Moos" {crush, rF- rC++} (You found it on level 12 of the Dungeon)
 22842 | D:12     | Received a gift from Okawaru
 22994 | D:12     | Noticed a stone giant
 22999 | D:12     | Killed a stone giant
 22999 | D:12     | Received a gift from Okawaru
 22999 | D:12     | Reached skill level 5 in Dodging
 23608 | D:13     | Received a gift from Okawaru
 23749 | D:13     | Reached XP level 14. HP: 154/154 MP: 15/15
 23766 | D:13     | Noticed Nessos
 23773 | D:13     | Killed Nessos
 24026 | D:13     | Gained mutation: Your system is resistant to poisons. [potion of beneficial mutation]
 24159 | D:13     | Noticed a vault guard
 24166 | D:13     | Killed a vault guard
 24193 | D:13     | Found a gate to the Vaults.
 24461 | D:13     | Found a viscous altar of Jiyva.
 24837 | D:14     | Received a gift from Okawaru
 24912 | D:14     | Found a labyrinth entrance.
 24919 | Lab      | Entered a labyrinth
 25472 | Lab      | Identified a +6 rod of clouds (9/9) (You took it off a minotaur in a labyrinth)
 25473 | Lab      | Identified a +9 rod of clouds (9/9) (You found it in a labyrinth)
 26365 | D:15     | Entered Level 15 of the Dungeon
 26413 | D:15     | Received a gift from Okawaru
 26424 | D:15     | Reached skill level 15 in Fighting
 26727 | D:15     | Received a gift from Okawaru
 26799 | D:15     | Reached XP level 15. HP: 167/167 MP: 17/17
 26835 | D:15     | Received a gift from Okawaru
 26930 | D:15     | Received a gift from Okawaru
 27135 | D:15     | Found a staircase to the Depths.
 27242 | D:15     | Received a gift from Okawaru
 27652 | Lair:1   | Entered Level 1 of the Lair of Beasts
 30135 | Lair:3   | Found a hole to the Spider Nest.
 30472 | Lair:3   | Received a gift from Okawaru
 30473 | Lair:3   | Got an iridescent giant club {god gift}
 30474 | Lair:3   | Identified the +6 giant club "Ogre's Death Toll" {flame, +Inv rPois rC+} (Okawaru gifted it to you on level 3 of the Lair of Beasts)
 30825 | Lair:4   | Noticed Snorg
 30832 | Lair:4   | Killed Snorg
 32038 | Lair:5   | Reached skill level 10 in Armour
 32545 | Lair:6   | Reached skill level 18 in Maces & Flails
 32848 | Lair:6   | Received a gift from Okawaru
 32932 | Lair:6   | Found a runed door.
 32932 | Lair:6   | Found a viscous altar of Jiyva.
 32932 | Lair:6   | Found a staircase to the Slime Pits.
 32932 | Lair:6   | Noticed an azure jelly
 32932 | Lair:6   | Noticed an azure jelly
 32932 | Lair:6   | Noticed an azure jelly
 32948 | Lair:6   | Killed an azure jelly
 32948 | Lair:6   | Reached XP level 16. HP: 144/176 MP: 19/19
 32950 | Lair:6   | Killed an azure jelly
 32950 | Lair:6   | Received a gift from Okawaru
 32950 | Lair:6   | Reached skill level 5 in Evocations
 32952 | Lair:6   | Killed an azure jelly
 32957 | Lair:6   | Got an ichor-stained giant club {god gift}
 32958 | Lair:6   | Identified the +4 giant club "Muckyt" {freeze, +Rage MR+} (Okawaru gifted it to you on level 6 of the Lair of Beasts)
 33060 | Lair:6   | Found a staircase to the Swamp.
 33538 | Lair:7   | Got a smoking lapis lazuli ring
 33540 | Lair:7   | Identified the ring of Pantheism {MP+9 Dex+4} (You acquired it on level 7 of the Lair of Beasts)
 34401 | Lair:8   | Entered Level 8 of the Lair of Beasts
 35398 | Lair:8   | Found a burning altar of Makhleb.
 35446 | Lair:8   | Received a gift from Okawaru
 35539 | Lair:8   | Reached skill level 19 in Maces & Flails
 35549 | Lair:8   | Found a gateway to Hell.
 35638 | Lair:8   | Received a gift from Okawaru
 35702 | Lair:8   | Reached skill level 1 in Invocations
 36204 | Spider:1 | Entered Level 1 of the Spider Nest
 36223 | Spider:1 | HP: 6/176 [entropy weaver (14)]
 36223 | Spider:1 | Mangled by an entropy weaver

Dungeon Overview and Level Annotations

Branches:
Dungeon (15/15)            Temple (1/1) D:5            Lair (8/8) D:11
  Swamp (0/4) Lair:6       Spider (1/4) Lair:3        Slime (0/6) Lair:6
    Orc (4/4) D:10            Elf (0/3) Orc:4        Vaults (0/5) D:13
 Depths (0/5) D:15

Altars:
Ashenzari
Cheibriados
Dithmenos
Elyvilon
Fedhas
Gozag
Kikubaaqudgha
Makhleb
Nemelex Xobeh
Okawaru
Qazlal
Ru
Sif Muna
Trog
Vehumet
Xom
Yredelemnul
Zin
The Shining One
Beogh
Jiyva

Shops:
D:8 *   D:9 (   D:10 [   D:12 ?   Orc:4 *=*

Portals:
Hell: Lair:8


Message History

You feel sick. The wolf spider barely misses you. The wolf spider bites you.
The entropy weaver hits you!
The entropy weaver completely misses you.
The entropy weaver hits you. x2
You hit the wolf spider but do no damage.
The wolf spider is severely wounded.
You are more poisoned.
You feel sick. The wolf spider hits you!
The wolf spider bites you but does no damage.
Unknown command.
You sock the wolf spider! You burn the wolf spider.
You kill the wolf spider!
Okawaru accepts your kill.
You are more poisoned.
Your toxic aura wanes.
You feel sick. The entropy weaver hits you! The entropy weaver hits you.
The entropy weaver hits you but does no damage. x2
You hit the entropy weaver. You burn the entropy weaver.
The entropy weaver is heavily wounded.
You feel sick. The entropy weaver hits you. The entropy weaver hits you.
The entropy weaver barely misses you. The entropy weaver closely misses you.
You hit the entropy weaver but do no damage.
The entropy weaver is heavily wounded.
You feel sick. The entropy weaver hits you. The entropy weaver misses you.
The entropy weaver hits you! x2
A demonic crawler comes into view.
Drink which item? (? for menu, Esc to quit)
You feel much better.
You feel sick.
The demonic crawler gives a hideous shriek!
The entropy weaver hits you. x2
The entropy weaver hits you but does no damage.
The entropy weaver hits you!
Use which ability? (? or * to list)
Okay, then.
Drink which item? (? for menu, Esc to quit)
You feel better. The entropy weaver misses you. The entropy weaver hits you!
The entropy weaver hits you. The entropy weaver closely misses you.
The entropy weaver hits you! The entropy weaver barely misses you.
The entropy weaver hits you!
You die...

You could see an entropy weaver and a demonic crawler.

Vanquished Creatures
  Gastronok (Orc:1)
  3 azure jellies (Lair:6)
  A stone giant (D:12)
  Nessos (D:13)
  2 dire elephants (Lair:8)
  Snorg (Lair:4)
  An ogre mage (D:12)
  A minotaur (Lab)
  A vault guard (D:13)
  Josephine (D:10)
  2 fire dragons (D:12)
  Fannar (D:11)
  A hell beast (Lair:8)
  11 hydras
  Erolcha (Orc:1)
  6 centaur warriors
  A rakshasa (D:15)
  A salamander stormcaller (D:12)
  A queen ant (Lair:4)
  A tengu warrior (D:14)
  The ghost of inmateoo the Arsonist, a powerful DEFE of Vehumet (D:11)
  Urug (D:11)
  3 orc high priests (Orc:4)
  Sonja (Orc:3)
  A sea snake (shapeshifter) (D:15)
  2 swamp dragons (Lair:7)
  9 hill giants
  A wizard (Lair:8)
  Pikel (D:7)
  2 giant orange brains (D:15)
  2 wolf spiders
  2 unseen horrors (D:15)
  An anubis guard (shapeshifter) (D:11)
  The ghost of Charly the Grappler, an experienced TrEE of Cheibriados (D:9)
  A manticore (D:12)
  4 griffons
  18 ugly things
  4 orc knights (Orc:4)
  4 orc sorcerers
  A hornet (shapeshifter) (D:15)
  4 cyclopes
  7 black mambas
  4 centaur zombies
  4 gargoyles
  Psyche (D:12)
  4 orange demons (Lair:8)
  15 spiny frogs
  A kobold demonologist (D:15)
  A tengu conjurer (D:15)
  A hellwing (Lair:8)
  4 red devils (Lair:8)
  8 komodo dragons
  3 fire drakes
  A freezing wraith (D:14)
  A deep elf priest (D:12)
  6 trolls
  2 blue devils
  6 ravens
  2 two-headed ogres
  10 slime creatures
  A slime creature (shapeshifter) (D:12)
  A tarantella (Spider:1)
  4 shadows
  11 blink frogs
  A spriggan (shapeshifter) (D:12)
  A centaur simulacrum (D:12)
  2 redbacks (Spider:1)
  A trapdoor spider (D:15)
  A deep elf fighter (D:15)
  A steam dragon (D:9)
  2 deep elf magi
  36 yaks
  A yak (shapeshifter) (D:15)
  3 wyverns
  6 wraiths
  7 vampire mosquitoes
  A hungry ghost (D:12)
  4 basilisks
  3 wargs
  6 soldier ants (Lair:4)
  7 hippogriffs
  Edmund (D:4)
  A mottled dragon (D:15)
  The ghost of JetFlynn the Ducker, an average TeGl (D:4)
  A hell hound (Lair:8)
  3 swamp worms (Lair:7)
  18 water moccasins
  11 porcupines
  8 spiders (Lair:3)
  2 ice beasts
  2 swamp drakes (Lair:7)
  9 centaurs
  9 ogres
  5 sky beasts
  A slave (D:7)
  19 orc warriors
  16 crocodiles
  A brain worm (D:13)
  A gnoll sergeant (D:5)
  18 giant frogs
  4 big kobolds
  8 scorpions
  27 killer bees
  A giant frog zombie (D:10)
  2 electric eels (Lair:6)
  5 wights (D:11)
  27 orc priests
  A lava snake (D:11)
  9 jellies
  9 crimson imps
  6 hell rats (Lair:8)
  6 centaur skeletons
  4 giant frog skeletons
  14 hounds
  8 iguanas
  32 orc wizards
  Jessica (D:2)
  A quasit (D:8)
  Terence (D:2)
  Natasha (thrice) (D:2)
  37 worker ants
  18 sheep
  A killer bee zombie (D:11)
  2 worker ant zombies
  14 adders
  3 gnolls (D:5)
  31 river rats
  8 shadow imps
  4 worms
  5 giant geckos
  139 orcs
  A bat skeleton (D:5)
  2 bat zombies (D:5)
  2 giant cockroaches
  19 hobgoblins
  5 jackals
  5 quokkas
  A ball python (D:1)
  18 bats
  A giant gecko zombie (D:10)
  6 giant newts
  A giant spore (D:14)
  26 goblins
  42 kobolds
  A quokka zombie (D:5)
  16 rats
  22 ballistomycetes
1010 creatures vanquished.

Vanquished Creatures (others)
  The ghost of Hanyuu the Insei, an experienced OpTm (D:5)
  A tengu conjurer (D:14)
  A crimson imp (D:10)
  5 giant spores
  A fungus (Lair:8)
  6 plants (D:11)
15 creatures vanquished.

Grand Total: 1025 creatures vanquished

Action                   |  1- 3 |  4- 6 |  7- 9 | 10-12 | 13-15 | 16-18 || total
-------------------------+-------+-------+-------+-------+-------+-------++-------
Melee: Short sword       |    22 |       |       |       |       |       ||    22
       Club              |    23 |       |       |       |       |       ||    23
       Whip              |    47 |   271 |       |       |       |       ||   318
       Mace              |       |    23 |   383 |   570 |       |       ||   976
       Flail             |       |       |    51 |       |       |       ||    51
       Giant spiked club |       |       |     1 |       |       |       ||     1
       Dire flail        |       |       |       |   528 |   999 |       ||  1527
       Giant club        |       |       |       |     9 |   140 |   212 ||   361
       Unarmed           |       |       |       |     2 |       |       ||     2
 Fire: Blowgun           |       |       |    11 |    87 |     7 |       ||   105
Throw: Large rock        |    13 |    26 |    26 |     5 |    14 |       ||    84
       Tomahawk          |       |     5 |       |       |       |       ||     5
       Throwing net      |       |       |     7 |     1 |       |       ||     8
       Javelin           |       |       |       |    14 |   276 |       ||   290
Invok: Heroism           |       |       |     2 |     7 |     1 |       ||    10
       Finesse           |       |       |       |     1 |       |       ||     1
 Abil: Evoke Invisibilit |       |       |       |     1 |       |       ||     1
Evoke: Wand              |       |       |    10 |       |       |       ||    10
       Rod               |       |       |       |       |     3 |       ||     3
       Stone of tremors  |       |       |       |       |     1 |       ||     1
       Staff of Olgreb   |       |       |       |       |       |    19 ||    19
  Use: Potion            |       |       |     4 |     5 |     1 |     2 ||    12
       Scroll            |       |       |    16 |     6 |    20 |     2 ||    44
 Stab: Held in net/web   |       |       |     2 |       |       |       ||     2
       Confused          |       |       |     1 |       |     3 |       ||     4
       Invisible         |       |       |       |     2 |       |       ||     2
       Paralysed         |       |       |       |     1 |       |       ||     1
  Eat: Chunk             |     2 |     9 |    29 |    38 |    40 |    17 ||   135
       Royal jelly       |       |       |       |       |     1 |       ||     1

Vault maps used:
D:1:      scummos_arrival_forest, tso_altar
D:2:      uniq_terence, uniq_jessica, uniq_natasha
D:3:      bloody_trog, lemuel_crystal_altar, first_bread
D:4:      kennysheep_mini, ashenzari_conservatory_becter,
          nicolae_underground_beach, uniq_edmund
D:5:      led_sif_pool, lemuel_temple_firewalk_marked
D:7:      nicolae_ru_great_annihilating_truth, nicolae_gozag_seed_capital,
          grunt_ogre_cave, uniq_pikel
D:8:      lemuel_round_altar, fedhas_altar_3, lemuel_doored_altar,
          nicolae_alphabet_shops
D:9:      serial_shops, shop, kennysheep_pointless_box
D:10:     minmay_orc_entry_temple_small, serial_shops, shop, grunt_ministairs_2,
          uniq_josephine
D:11:     david_lair_shrubbed, enter_trove_2, kennysheep_decorative_pillar,
          uniq_urug, uniq_fannar
D:12:     minmay_crescents, basic_altar, serial_shops, kennysheep_mini_moat,
          minivault_22, minivault_22, kennysheep_four_rooms, uniq_psyche
D:13:     david_vaults_5, jiyva_altar_1, uniq_nessos
D:14:     lab_entry_generic, minmay_staircase_bubble
D:15:     gammafunk_enter_depths_forms
Temple:   nicolae_temple_no_exploring_needed
Lair:1:   nicolae_lair_grove_arrangements
Lair:3:   nicolae_spider_entry_tight_spaces
Lair:4:   zaba_antful_of_joy, grunt_megastairs_3, uniq_snorg
Lair:6:   swamp_mist, slime_altar_2, serial_bayou_lagoon_b
Lair:7:   onia_ninara_swampy_vault
Lair:8:   evil_forest
Orc:1:    uniq_erolcha, uniq_gastronok
Orc:3:    nicolae_orc_pool_cavern, library_closet, nicolae_orc_damp_corner,
          uniq_sonja
Orc:4:    st_orc_elflike, basic_altar
Lab:      nicolae_lab_swirl
Trove:    trove_armour_six_rooms
